 Dungeon Crawl Stone Soup version 0.29-a0-700-g2f1814c7b2 (webtiles) character file.

Game seed: 1105669580650188137

6121 RepHenryClay the Nimble (level 10, -11/56 HPs)
             Began as an Octopode Conjurer on June 25, 2022.
             Was a Priest of Vehumet.
             Mangled by a death yak (26 damage)
             ... on level 9 of the Dungeon.
             The game lasted 00:22:38 (9368 turns).

RepHenryClay the Nimble (Octopode Conjurer)         Turns: 9368, Time: 00:22:39

Health: -11/56     AC:  1    Str:  6    XL:     10   Next: 89%
Magic:  4/29       EV: 20    Int: 23    God:    Vehumet [***...]
Gold:   352        SH:  0    Dex: 19    Spells: 9/23 levels left

rFire   + . .      SeeInvis .   E - +8 falchion of the Four Orbs {venom, rF+ rN++ Will++}
rCold   + . .      Faith    .   (no shield)
rNeg    + + +      Spirit   .   (helmet restricted)
rPois   +          Reflect  .   d - amulet of magic regeneration
rElec   .          Harm     .   e - ring of magical power
rCorr   .          Rampage  .   n - ring "Forget-Me-Not" {rC+ rN+}
Will    ++...                   y - +6 ring of dexterity
Stlth   ++++......              w - ring of positive energy
HPRegen 0.18/turn               s - ring of wizardry
MPRegen 0.61/turn               D - ring of poison resistance
                                (no ring)
                                (no ring)

@: no status effects
A: almost no armour, amphibious, 8 rings, camouflage 1, gelatinous body 1,
(nimble swimmer 1), tentacles
a: Renounce Religion


You were on level 9 of the Dungeon.
You worshipped Vehumet.
Vehumet was most pleased with you.
You visited 1 branch of the dungeon, and saw 9 of its levels.

You collected 662 gold pieces.
You spent 310 gold pieces at shops.

Inventory:

Hand Weapons
 a - a +2 dagger of venom
 E - the +8 falchion of the Four Orbs (weapon) {venom, rF+ rN++ Will++}
   (You found it on level 8 of the Dungeon)

   It poisons the flesh of those it strikes.
   rF:        It protects you from fire.
   rN:        It greatly protects you from negative energy.
   Will:      It greatly increases your willpower.
Armour
 u - an orb of light
Jewellery
 d - an amulet of magic regeneration (around mantle)
 e - a ring of magical power (left tentacle)
 n - the ring "Forget-Me-Not" (right tentacle) {rC+ rN+}
   (You found it on level 3 of the Dungeon)

   [ring of protection from cold]

   rC:        It protects you from cold.
   rN:        It protects you from negative energy.
 s - a ring of wizardry (on tentacle)
 w - a ring of positive energy (on tentacle)
 y - a +6 ring of dexterity (on tentacle)
 D - a ring of poison resistance (on tentacle)
Wands
 q - a wand of acid (2)
 t - a wand of iceblast (28)
 v - a wand of polymorph (3)
 C - a wand of paralysis (20)
 H - a wand of mindburst (6)
Scrolls
 m - a scroll of teleportation
 r - a scroll of fog
 A - 2 scrolls of magic mapping
 B - a scroll of fear
 F - a scroll of identify {@r1}
 G - a scroll of immolation {unknown}
Potions
 b - a potion of brilliance {unknown}
 c - a potion of lignification {unknown}
 f - 3 potions of haste
 g - a potion of invisibility {unknown}
 h - 4 potions of magic
 i - 3 potions of heal wounds
 j - 2 potions of ambrosia
 k - 3 potions of curing
 l - a potion of cancellation {unknown}
 o - a potion of might
 p - a potion of attraction {unknown}
 x - 2 potions of flight {unknown}
 z - 2 potions of mutation {unknown}
Miscellaneous
 I - a condenser vane


   Skills:
 * Level 10.4 Dodging
 - Level 6.1 Stealth
 + Level 7.0 Spellcasting
 - Level 7.9 Conjurations
 - Level 3.0 Translocations
 - Level 5.3 Earth Magic


You had 9 spell levels left.
You knew the following spells:

 Your Spells              Type           Power      Damage    Failure   Level
a - Magic Dart            Conj           100%       1d8       1%          1
b - Searing Ray           Conj           88%        2d7       1%          2
c - Iskenderun's Mystic   Conj/Tloc      33%        2d8       1%          4
d - Stone Arrow           Conj/Erth      76%        3d11      1%          3
e - Olgreb's Toxic Radia  Pois           8%         N/A       9%          4

Your spell library contained the following spells:

 Spells                   Type           Power      Damage    Failure   Level
 Apportation              Tloc           44%        N/A       1%          1
 Sandblast                Erth           64%        2d14      1%          1
 Passwall                 Tmut/Erth      16%        N/A       1%          2
 Dazzling Flash           Conj/Hex       52%        N/A       1%          3
 Fulminant Prism          Conj/Hex       13%        3d9       1%          4
 Necrotize                Necr           32%        1d5       3%          1
 Summon Small Mammal      Summ           32%        N/A       3%          1
 Starburst                Conj/Fire      13%        6d5       24%         6
 Corpse Rot               Necr/Pois/Air  8%         N/A       28%         4
 Dispel Undead            Necr           8%         3d8       28%         4
 Death Channel            Necr           4%         N/A       98%         6


Dungeon Overview and Level Annotations

Branches:
Dungeon (9/15)             Temple (0/1) D:5            Lair (0/6) D:9
    Orc (0/2) D:9

Altars:
Dithmenos
Elyvilon
Vehumet

Shops:
D:3 :!   D:4 (

Annotations:
D:9 2 transporters, wingedge's ghost, journeyman TeAE


Innate Abilities, Weirdness & Mutations

You cannot wear most types of armour.
You are amphibious.
You can wear up to eight rings at the same time.
Your skin changes colour to match your surroundings (Stealth+).
Your rubbery body absorbs attacks. (AC +1, EV +1)
((You are camouflaged when in or above water. (Stealth+)))
You have tentacles for arms and can constrict up to eight enemies at once.


Message History

Aim: a death yak (heavily wounded, poisoned, 91% to hit)
Okay, then.
Your magical contamination has completely faded away.
The death yak looks more healthy.
Casting: Stone Arrow (safe; 1% risk of failure)
Confirm with . or Enter, or press ? or * to list all spells.
Aiming: Stone Arrow (safe; 1% risk of failure)
Press: ? - help, Shift-Dir - straight line, f/p - death yak
Aim: a death yak (heavily wounded, 91% to hit)
The stone arrow hits the death yak!!
The death yak is severely wounded.
Casting: Stone Arrow (safe; 1% risk of failure)
Confirm with . or Enter, or press ? or * to list all spells.
You erupt in a blast of force!
The mystic blast hits the death yak!
The death yak is lightly wounded.
The mystic blast hits the death yak but does no damage.
The death yak is severely wounded.
The death yak completely misses you.
Casting: Iskenderun's Mystic Blast (dangerous; 1% risk of failure)
Confirm with . or Enter, or press ? or * to list all spells.
You erupt in a blast of force!
The mystic blast hits the death yak!
The death yak is moderately wounded.
The death yak is knocked back by the mystic blast.
The death yak slams into the rock wall!
The mystic blast hits the death yak!
The death yak is almost dead.
The death yak is knocked back by the mystic blast.
The death yak attacks as you move away! The death yak gores you!!
Huge Dmg: -41%(-23hp) hp: 59%(33hp)
The death yak attacks as you move away! The death yak gores you!!
* * * LOW HITPOINT WARNING * * *
Huge Dmg: -34%(-19hp) hp: 25%(14hp)
Casting: Iskenderun's Mystic Blast (dangerous; 1% risk of failure)
Confirm with . or Enter, or press ? or * to list all spells.
You erupt in a blast of force!
The mystic blast hits the death yak.
The death yak is almost dead.
The death yak is knocked back by the mystic blast.
The mystic blast hits the death yak.
The death yak is moderately wounded.
The death yak gores you!!
You die...

#.###....##.##.>.# #....[.<##
#O#......##.##...## #.)..).##
..####...##.#'###'####..).)##
.©#.##...#...## ##...#....##
###.#....#.8.# #.8.'[...#
.........#...# #...#..#####
.........##########.##...##.##
..#..#...............#...##..#
.....#......##...@Y.Y...##...#
............#......###.......##
...............)....##........#
...........................[.##
...........................###
..##...................##..##
..##....................###.#
.............#..........###.##
....>.........#...###...#....#


You could see 2 death yaks.

Vanquished Creatures
  2 two-headed ogres
  A death yak (D:9)
  Maggie (D:6)
  Prince Ribbit (D:9)
  Grum (D:9)
  Menkaure (D:6)
  2 steam dragons
  2 orc warriors
  A black bear (D:4)
  3 ice beasts
  4 wolves
  2 ogres
  2 centaurs
  A kobold brigand (D:8)
  3 bullfrogs
  2 scorpions
  A necrophage (D:7)
  4 wights (D:7)
  10 killer bees
  5 howler monkeys
  A jelly (D:5)
  4 hounds
  11 orc priests
  2 gnoll shamans
  2 iguanas
  6 orc wizards
  2 hell rats (D:9)
  5 adders
  9 gnolls
  An ufetubus (D:5)
  A worm (D:5)
  3 dart slugs
  38 orcs
  4 ball pythons
  4 endoplasms
  6 giant cockroaches
  12 goblins
  7 hobgoblins
  12 kobolds
  7 quokkas
  10 bats
  2 frilled lizards
  7 rats
205 creatures vanquished.

Vanquished Creatures (others)
  11 plants (D:7)
11 creatures vanquished.

Grand Total: 216 creatures vanquished

Notes
Turn   | Place    | Note
-------+----------+-------------------------------------------
     0 | D:1      | RepHenryClay the Octopode Conjurer began the quest for the
                  | Orb.
     0 | D:1      | Reached XP level 1. HP: 11/11 MP: 3/3
   190 | D:1      | Reached XP level 2. HP: 16/17 MP: 0/5
   348 | D:1      | Learned a level 2 spell: Searing Ray
   661 | D:1      | Reached XP level 3. HP: 21/21 MP: 6/6
   699 | D:1      | Reached skill level 5 in Conjurations
   937 | D:2      | Found a radiant altar of Vehumet.
   946 | D:2      | Became a worshipper of Vehumet
  1348 | D:2      | Reached XP level 4. HP: 27/27 MP: 7/7
  1765 | D:3      | Found Xeolurad's Distillery.
  1777 | D:3      | Bought a potion of heal wounds for 65 gold pieces
  1913 | D:3      | Identified the ring "Forget-Me-Not" {rC+ rN+}
  2154 | D:3      | Found Cassur's Book Emporium.
  2471 | D:3      | Learned a level 4 spell: Iskenderun's Mystic Blast
  2545 | D:4      | Noticed a black bear
  2560 | D:4      | Reached XP level 5. HP: 31/31 MP: 8/8
  2606 | D:4      | Killed a black bear
  2606 | D:4      | Reached * piety under Vehumet
  2606 | D:4      | Offered knowledge of Shock by Vehumet.
  2607 | D:4      | Reached XP level 6. HP: 32/36 MP: 9/9
  2723 | D:4      | Reached skill level 1 in Translocations
  2945 | D:4      | Found a shadowy altar of Dithmenos.
  3112 | D:4      | Found Tecua's Weapon Shop.
  3198 | D:5      | Entered Level 5 of the Dungeon
  3284 | D:5      | Found a staircase to the Ecumenical Temple.
  3514 | D:5      | Reached XP level 7. HP: 41/41 MP: 10/10
  3568 | D:5      | Reached skill level 5 in Stealth
  4385 | D:6      | Noticed Menkaure
  4406 | D:6      | Killed Menkaure
  4406 | D:6      | Noticed a steam dragon
  4698 | D:3      | Bought a book of Geomancy for 180 gold pieces
  4702 | D:3      | Learned a level 3 spell: Stone Arrow
  4753 | D:6      | Reached XP level 8. HP: 46/46 MP: 11/11
  4845 | D:6      | Noticed Maggie
  5256 | D:3      | Bought a potion of heal wounds for 65 gold pieces
  5695 | D:6      | Killed Maggie
  5696 | D:6      | Reached skill level 3 in Dodging
  5696 | D:6      | Reached skill level 5 in Earth Magic
  6152 | D:7      | Offered knowledge of Poisonous Vapours by Vehumet.
  6153 | D:7      | Reached skill level 4 in Dodging
  6157 | D:7      | Reached XP level 9. HP: 51/51 MP: 13/13
  6388 | D:7      | Reached ** piety under Vehumet
  6424 | D:7      | Found a white marble altar of Elyvilon.
  6493 | D:7      | Reached skill level 5 in Dodging
  7094 | D:8      | Reached skill level 6 in Dodging
  7462 | D:8      | Noticed a two-headed ogre
  7469 | D:8      | Killed a two-headed ogre
  7470 | D:8      | Reached skill level 7 in Dodging
  7470 | D:8      | Reached skill level 5 in Spellcasting
  7536 | D:8      | Identified the +8 falchion of the Four Orbs {venom, rF+
                  | rN++ Will++}
  7545 | D:8      | Reached XP level 10. HP: 56/56 MP: 18/18
  7770 | D:9      | Found a transporter.
  7771 | D:9      | Noticed wingedge's ghost (journeyman TeAE)
  7771 | D:9      | Noticed a two-headed ogre
  7771 | D:9      | Noticed a two-headed ogre
  7771 | D:9      | Noticed a two-headed ogre
  7772 | D:9      | Found a transporter.
  7773 | D:9      | Noticed a two-headed ogre
  7775 | D:9      | Noticed a two-headed ogre
  7780 | D:9      | Killed a two-headed ogre
  7780 | D:9      | Offered knowledge of Scorch by Vehumet.
  7781 | D:9      | Reached skill level 8 in Dodging
  7857 | D:9      | Noticed Prince Ribbit
  7860 | D:9      | Killed Prince Ribbit
  7918 | D:8      | Reached skill level 9 in Dodging
  8087 | D:9      | Noticed a death yak
  8088 | D:9      | Noticed a death yak
  8093 | D:9      | Noticed a death yak
  8231 | D:9      | Noticed Grum
  8247 | D:8      | Reached *** piety under Vehumet
  8376 | D:9      | Killed Grum
  8628 | D:9      | Offered knowledge of Olgreb's Toxic Radiance by Vehumet.
  8634 | D:9      | Learned a level 4 spell: Olgreb's Toxic Radiance
  8765 | D:9      | Found a staircase to the Orcish Mines.
  8791 | D:9      | Killed a death yak
  8792 | D:9      | Reached skill level 10 in Dodging
  9203 | D:9      | Found a staircase to the Lair.
  9368 | D:9      | Mangled by a death yak

Illustrated notes

Levels and vault maps discovered:
D:1:      evilmike_arrival_plus, layout_loops_ring, minmay_strange_pillars
D:2:      layout_basic, serial_curves, eino_curves_02, eino_curves_02,
          basic_altar
D:3:      layout_loops_cross, serial_shops, shop, nicolae_diamond_shop,
          minmay_goblin_outpost
D:4:      layout_rooms, mainiacjoe_overflow_tiny_flanked, serial_shops,
          nicolae_shop_bloodbath_and_beyond, interstate_on_off,
          minmay_misc_feat_x
D:5:      layout_gridville, minmay_temple_entry_glassed_door
D:6:      layout_cave_pools, uniq_menkaure, uniq_maggie
D:7:      layout_loops_ring, nicolae_elyvilon_temple_path, grunt_ministairs_14,
          corexii_item_surrounded_by_moat, lemuel_old_faithful
D:8:      layout_rooms
D:9:      layout_cave_pools, dpeg_lair_monsters, hiddenorc2_lemuel,
          gammafunk_ghost_smash, uniq_grum, uniq_prince_ribbit1

Skill      XL: |  1  2  3  4  5  6  7  8  9 10 |
---------------+-------------------------------+-----
Conjurations   | 5 6 7 |  7.9
Translocations | 3 |  3.0
Stealth        | 6 |  6.1
Earth Magic    | 2 5 |  5.3
Dodging        | 4 7 10 | 10.4
Spellcasting   | 3 5 7 |  7.0

Action                   |  1- 3 |  4- 6 |  7- 9 | 10-12 || total
-------------------------+-------+-------+-------+-------++-------
Melee: Short sword       |     1 |       |       |       ||     1
       Dagger            |     4 |    28 |    11 |       ||    43
       Constrict         |     1 |     7 |     3 |     6 ||    17
       Tentacles         |       |     4 |     4 |     3 ||    11
       Punch             |       |     1 |     1 |     1 ||     3
       Falchion          |       |       |       |    22 ||    22
 Cast: Magic Dart        |    60 |    77 |    62 |    24 ||   223
       Searing Ray       |       |     2 |    11 |       ||    13
       Iskenderun's Myst |       |     1 |     2 |    27 ||    30
       Stone Arrow       |       |       |    73 |    56 ||   129
       Olgreb's Toxic Ra |       |       |       |     2 ||     2
Evoke: Wand              |       |       |     7 |     2 ||     9
  Use: Scroll            |       |     3 |     8 |     1 ||    12
       Potion            |       |     1 |       |       ||     1
 Stab: Sleeping          |     2 |     2 |     1 |       ||     5
Armor: Skin              |     1 |     4 |     2 |     1 ||     8
Dodge: Dodged            |     5 |    21 |    28 |    47 ||   101

Table legend: (Time is in decaauts)
 A = Elapsed time spent in this place.
 B = Non-inter-level travel time spent in this place.
 C = Inter-level travel time spent in this place.
 D = Time resting spent in this place.
 E = Time spent auto-exploring this place.
 F = Levels seen in this place.
 G = Mean time per level.
                   A        B        C        D        E       F      G
               +--------+--------+--------+--------+--------+-----+--------+
         Total |   9382 |   8525 |    857 |   1084 |   6120 |   9 | 1042.4 |
       Dungeon |   9382 |   8525 |    857 |   1084 |   6120 |   9 | 1042.4 |
               +--------+--------+--------+--------+--------+-----+--------+

Top non-repeatable levels by time:
     D:5: 1918 daAuts
     D:8: 1414 daAuts
     D:7: 953 daAuts
     D:9: 906 daAuts
     D:1: 902 daAuts
     D:3: 874 daAuts
     D:6: 868 daAuts
     D:2: 840 daAuts
     D:4: 703 daAuts
